Map: Invader LE

Players

blackxored

  • Race: Zerg Zerg
  • League: Platinum

Sapitek - Winner!

  • Race: Zerg Zerg
  • League: Platinum

VOD

Have the link to the VOD?

Description

Time

  • Played on: June 26, 2016, 8 p.m.
  • Length: 4:56
Show
View Real Time Build Order
Export as new Build Order

blackxored Zerg 

Build Orders: Hatch First 

Get SALT Encoding   

  12  0:02  Drone  
  13  0:08  Drone  
  14  0:17  Overlord  
  14  0:23  Extractor  
  14  0:24  Drone  
  15  0:36  Drone  
  15  0:37  Drone  
  17  0:53  Hatchery  
  16  0:57  Drone  
  16  1:00  Drone  
  18  1:12  Extractor  
  18  1:15  Spawning Pool  
  18  1:18  Drone  
  17  1:22  Drone  
  18  1:28  Drone  
  19  1:41  Overlord  
  19  1:49  Drone  
  20  2:02  Queen  
  20  2:06  Zergling x4  
  20  2:07  Queen  
  26  2:11  Spine Crawler  
  26  2:14  Metabolic Boost  
  25  2:17  Zergling x2  
  25  2:20  Zergling x2  
  27  2:30  Zergling x4  
  27  2:35  Baneling Nest  
  28  2:37  Drone  
  29  2:46  Drone  
  29  2:47  Drone  
  31  2:51  Overlord  
  31  2:57  Drone  
  32  3:11  Drone x3  
  34  3:23  Roach Warren  
  34  3:26  Baneling x2  
  33  3:27  Baneling x2  
  33  3:33  Zergling x8  
  37  3:48  Baneling x2  
  37  3:49  Baneling  
  36  4:11  Roach x3  
  32  4:32  Roach  
  32  4:33  Roach  
Show
View Real Time Build Order
Export as new Build Order

Sapitek Zerg - Winner!

Build Orders: Hatch First, Zergling Baneling 

Get SALT Encoding   

  12  0:01  Drone  
  13  0:13  Overlord  
  13  0:18  Drone  
  14  0:33  Drone x2  
  16  0:37  Drone  
  17  0:55  Hatchery  
  16  1:08  Spawning Pool  
  16  1:10  Drone  
  16  1:11  Extractor  
  15  1:17  Drone  
  16  1:19  Drone  
  16  1:23  Drone  
  18  1:35  Drone  
  19  1:48  Overlord  
  19  1:54  Queen  
  19  1:57  Zergling x2  
  22  2:07  Baneling Nest  
  22  2:08  Drone  
  22  2:09  Zergling x2  
  22  2:14  Queen  
  25  2:16  Zergling x2  
  25  2:21  Zergling x2  
  27  2:28  Zergling x2  
  28  2:32  Metabolic Boost  
  28  2:35  Zergling x2  
  29  2:40  Zergling x4  
  31  2:50  Zergling x2  
  31  2:51  Zergling x2  
  33  2:58  Overlord  
  33  3:20  Baneling  
  33  3:21  Baneling x4  
  33  3:23  Zergling x12  
  39  3:32  Zergling x6  
  42  3:37  Overlord  
  42  3:49  Zergling x2  
  42  3:50  Zergling x2  
  43  4:11  Baneling x4  
  43  4:12  Baneling  
  38  4:28  Zergling x8  
  38  4:29  Zergling x8  
Tags
 
Add a new tag
Caveats
  • Supply blocks, unpowered buildings, or Contaminate may cause inaccurate times.
  • Supply counts are checked every 10 seconds.